[ AOE2 MATCH · #473015648 ]
UnrankedMuisca vs Mongols
[ REPLAY ANALYSIS · EXTRACTED FROM THE RECORDED GAME ]
Feudal
9:03
Castle
22:10
Imperial
33:18
| APM avg | 23.3 |
| APM peak | 60 |
| eAPM avg | 13.2 |
| Villagers / military | 75 / 52 |
Focus
⚔️ 30.6% · 🌾 69.4%
Monk ×25 · Archer ×22 · Battering Ram ×3 · Petard ×2 · Unknown (2550) ×1 · Unknown (2586) ×1
Feudal
11:04
Castle
21:39
Imperial
44:44
| APM avg | 43.1 |
| APM peak | 86 |
| eAPM avg | 21.2 |
| Villagers / military | 145 / 95 |
Focus
⚔️ 28.5% · 🌾 71.5%
Archer ×50 · Mameluke ×45 · Fishing Ship ×5 · Trade Cart ×4
Feudal
11:38
Castle
17:12
Imperial
47:37
| APM avg | 31.4 |
| APM peak | 74 |
| eAPM avg | 22.4 |
| Villagers / military | 155 / 39 |
Focus
⚔️ 22.9% · 🌾 77.1%
Mangudai ×20 · Mangonel ×15 · Battering Ram ×4
Feudal
11:32
Castle
15:16
Imperial
29:05
| APM avg | 29.1 |
| APM peak | 59 |
| eAPM avg | 18.7 |
| Villagers / military | 187 / 125 |
Focus
⚔️ 23.1% · 🌾 76.9%
Spearman ×61 · Militia ×34 · Fishing Ship ×19 · Teutonic Knight ×18 · Mangonel ×6 · Battering Ram ×3
Feudal
14:51
Castle
21:07
Imperial
29:42
| APM avg | 43.9 |
| APM peak | 78 |
| eAPM avg | 25.3 |
| Villagers / military | 165 / 176 |
Focus
⚔️ 25.7% · 🌾 74.3%
Knight ×119 · Hand Cannoneer ×54 · Fishing Ship ×30 · Bombard Cannon ×2 · Mangonel ×1
Feudal
9:10
Castle
24:00
Imperial
33:27
| APM avg | 32.7 |
| APM peak | 96 |
| eAPM avg | 19.8 |
| Villagers / military | 131 / 119 |
Focus
⚔️ 29.5% · 🌾 70.5%
Knight ×107 · Fishing Ship ×19 · Trade Cart ×16 · Battering Ram ×8 · Trebuchet (Packed) ×3 · Monk ×1
Feudal
—
Castle
—
Imperial
—
| APM avg | 30.9 |
| APM peak | 71 |
| eAPM avg | 18.8 |
| Villagers / military | 156 / 209 |
Focus
⚔️ 33.6% · 🌾 66.4%
Militia ×157 · Spearman ×26 · Woad Raider ×10 · Battering Ram ×5 · Trebuchet (Packed) ×5 · Scorpion ×4
Feudal
11:52
Castle
15:32
Imperial
28:41
| APM avg | 29.2 |
| APM peak | 70 |
| eAPM avg | 17.1 |
| Villagers / military | 114 / 186 |
Focus
⚔️ 14.4% · 🌾 85.6%
Knight ×179 · Trade Cart ×23 · Mangonel ×5 · Monk ×2
Match map
Initial resources + every placement click. Lines = walls · curves = elevation contours. ◆ gold · ⬟ stone · ● berries · ✦ relic · ◌ wall gap
Your base· ✓ Closed at 22:10 · 16t walls · 1 gate(s)
MODI's base· ✓ Closed at 21:39 · 29t walls · 1 gate(s)
Banana's base· ✓ Closed at 17:12 · 37t walls · no gate
TRush's base· ✓ Closed at 15:16 · 0t walls · no gate
Pantyhose Addict's base· ✓ Closed at 21:07 · 0t walls · no gate
BraveHeart's base· ✓ Closed at 24:00 · 0t walls · no gate
Player59701729's base· Open — opponent sealed themselves in
FBI!open the door's base· ✓ Closed at 15:32 · 0t walls · no gate
Smoothed initial terrain · ◌ = detected wall gap · hover for details
Inputs per minute
— AMMbush - - MODI
Build order — AMMbush
First 150 of 209 actions detected
| 0:01 | Create | Villager (Male) |
| 0:02 | Build | House |
| 0:04 | Build | House |
| 0:05 | Create | Villager (Male) ×3 |
| 0:05 | Create | Villager (Male) ×3 |
| 0:17 | Research | Loom |
| 0:18 | Create | Villager (Male) |
| 0:18 | Create | Villager (Male) |
| 0:26 | Create | Villager (Male) |
| 0:26 | Create | Villager (Male) |
| 0:48 | Build | Palisade Wall |
| 1:36 | Build | Palisade Wall |
| 1:56 | Create | Villager (Male) |
| 2:06 | Build | House |
| 2:28 | Create | Villager (Male) |
| 2:59 | Create | Villager (Male) |
| 3:14 | Create | Villager (Male) |
| 3:23 | Build | Settlement |
| 3:34 | Create | Villager (Male) |
| 3:54 | Create | Villager (Male) |
| 4:27 | Create | Villager (Male) |
| 4:41 | Create | Villager (Male) |
| 5:15 | Create | Villager (Male) |
| 5:41 | Create | Villager (Male) |
| 6:53 | Research | Feudal Age |
| 7:30 | Build | Settlement |
| 8:07 | Build | Barracks |
| 8:10 | Create | Villager (Male) |
| 8:10 | Create | Villager (Male) |
| 8:10 | Create | Villager (Male) |
| 9:03 | Age | Feudal Age |
| 9:05 | Build | Archery Range |
| 9:25 | Build | Archery Range |
| 9:42 | Create | Villager (Male) |
| 9:56 | Create | Archer |
| 10:19 | Create | Villager (Male) |
| 10:20 | Create | Archer |
| 10:23 | Build | House |
| 10:51 | Build | Blacksmith |
| 11:15 | Create | Villager (Male) |
| 11:16 | Create | Archer |
| 11:29 | Create | Archer |
| 11:40 | Create | Villager (Male) |
| 11:56 | Create | Archer |
| 12:12 | Build | Settlement |
| 12:16 | Create | Archer |
| 12:34 | Research | Fletching |
| 12:49 | Create | Villager (Male) |
| 12:51 | Create | Archer |
| 12:55 | Build | House |
| 12:56 | Build | House |
| 12:56 | Build | House |
| 13:17 | Create | Archer |
| 13:29 | Create | Archer |
| 13:45 | Create | Archer |
| 13:46 | Create | Villager (Male) |
| 13:48 | Create | Villager (Male) |
| 13:57 | Create | Archer |
| 14:19 | Create | Archer |
| 14:35 | Create | Villager (Male) |
| 14:35 | Create | Archer |
| 14:45 | Create | Archer |
| 14:46 | Create | Villager (Male) |
| 15:06 | Build | Market |
| 15:14 | Build | Stone Wall |
| 15:23 | Build | Gate |
| 15:27 | Create | Archer |
| 15:28 | Create | Villager (Male) |
| 15:32 | Create | Archer |
| 15:52 | Create | Villager (Male) |
| 15:52 | Create | Archer |
| 15:53 | Create | Archer |
| 16:20 | Create | Villager (Male) |
| 16:20 | Create | Archer |
| 16:21 | Create | Archer |
| 16:46 | Create | Archer |
| 16:46 | Create | Archer |
| 16:50 | Create | Villager (Male) |
| 16:58 | Create | Villager (Male) |
| 17:35 | Create | Unit 2550 |
| 17:48 | Build | Farm |
| 17:49 | Build | Farm |
| 19:22 | Build | Stone Wall |
| 19:24 | Build | Stone Wall |
| 19:31 | Research | Castle Age |
| 19:44 | Build | Settlement |
| 20:25 | Research | Double-Bit Axe |
| 20:39 | Build | Farm |
| 20:41 | Build | Farm |
| 20:45 | Build | Farm |
| 20:55 | Build | Farm |
| 21:29 | Build | Farm |
| 21:33 | Build | Farm |
| 21:36 | Build | Farm |
| 21:43 | Create | Villager (Male) |
| 22:10 | Age | Castle Age |
| 22:12 | Build | Siege Workshop |
| 22:18 | Build | Monastery |
| 22:32 | Create | Villager (Male) |
| 22:37 | Build | Settlement |
| 22:47 | Create | Villager (Male) |
| 22:53 | Research | Redemption |
| 23:09 | Create | Battering Ram |
| 23:22 | Create | Villager (Male) |
| 23:35 | Create | Monk |
| 23:52 | Create | Villager (Male) |
| 23:56 | Build | Monastery |
| 24:11 | Create | Monk |
| 24:12 | Create | Villager (Male) |
| 24:30 | Research | Horse Collar |
| 24:44 | Create | Villager (Male) |
| 25:09 | Create | Villager (Male) |
| 25:11 | Create | Monk |
| 25:19 | Create | Petard |
| 25:20 | Create | Petard |
| 25:21 | Create | Villager (Male) |
| 25:28 | Build | Farm |
| 25:28 | Build | Farm |
| 25:33 | Build | Farm |
| 25:39 | Create | Villager (Male) |
| 25:39 | Create | Villager (Male) |
| 25:58 | Create | Battering Ram |
| 25:59 | Create | Villager (Male) |
| 25:59 | Create | Villager (Male) |
| 26:10 | Build | Farm |
| 26:10 | Build | Farm |
| 26:11 | Build | Farm |
| 26:22 | Create | Battering Ram |
| 26:28 | Create | Villager (Male) |
| 26:38 | Build | Farm |
| 27:03 | Create | Unit 2586 |
| 27:06 | Create | Villager (Male) |
| 27:27 | Create | Villager (Male) |
| 27:39 | Build | Farm |
| 27:48 | Build | Farm |
| 27:49 | Build | Farm |
| 28:01 | Build | Farm |
| 28:04 | Create | Villager (Male) |
| 28:17 | Build | Farm |
| 28:20 | Build | Farm |
| 28:31 | Build | Farm |
| 28:54 | Build | Town Center |
| 29:02 | Create | Villager (Male) |
| 30:08 | Research | Imperial Age |
| 30:20 | Create | Villager (Male) |
| 30:21 | Create | Villager (Male) |
| 30:24 | Research | Sanctity |
| 30:26 | Research | Fervor |
| 30:46 | Research | Gold Mining |
| 31:11 | Create | Monk |
Build order — MODI
First 150 of 437 actions detected
| 0:01 | Create | Villager (Male) ×4 |
| 0:02 | Build | House |
| 0:05 | Build | House |
| 0:12 | Research | Loom |
| 0:30 | Create | Villager (Male) |
| 0:30 | Create | Villager (Male) |
| 0:31 | Create | Villager (Male) |
| 1:40 | Build | Palisade Wall |
| 1:45 | Build | Palisade Wall |
| 1:54 | Create | Villager (Male) |
| 2:42 | Create | Villager (Male) |
| 2:42 | Create | Villager (Male) |
| 3:03 | Build | Lumber Camp |
| 3:08 | Create | Villager (Male) |
| 3:28 | Create | Villager (Male) |
| 3:56 | Create | Villager (Male) |
| 4:12 | Create | Villager (Male) |
| 4:44 | Create | Villager (Male) |
| 4:45 | Create | Villager (Male) |
| 5:03 | Create | Villager (Male) |
| 5:03 | Create | Villager (Male) |
| 5:15 | Build | House |
| 5:51 | Create | Villager (Male) |
| 5:51 | Create | Villager (Male) |
| 6:05 | Build | Dock |
| 6:40 | Create | Villager (Male) |
| 6:40 | Create | Villager (Male) |
| 7:10 | Build | House |
| 7:13 | Create | Fishing Ship |
| 7:26 | Create | Villager (Male) |
| 7:53 | Create | Fishing Ship |
| 8:27 | Create | Villager (Male) |
| 8:27 | Create | Villager (Male) |
| 8:54 | Research | Feudal Age |
| 8:57 | Build | Mining Camp |
| 10:36 | Build | Barracks |
| 10:46 | Create | Villager (Male) |
| 10:58 | Create | Villager (Male) |
| 11:00 | Build | House |
| 11:04 | Age | Feudal Age |
| 11:29 | Build | Archery Range |
| 11:37 | Build | Watch Tower |
| 11:51 | Build | Watch Tower |
| 11:58 | Create | Villager (Male) |
| 11:59 | Create | Villager (Male) |
| 12:10 | Create | Fishing Ship |
| 12:25 | Create | Villager (Male) |
| 12:26 | Create | Archer |
| 12:43 | Create | Archer |
| 12:44 | Create | Villager (Male) |
| 12:48 | Build | House |
| 13:09 | Create | Archer |
| 13:11 | Build | House |
| 13:40 | Build | Mill |
| 14:07 | Build | House |
| 14:15 | Create | Villager (Male) |
| 14:21 | Build | Mining Camp |
| 14:39 | Create | Villager (Male) |
| 14:47 | Create | Villager (Male) |
| 15:21 | Build | Archery Range |
| 15:25 | Create | Villager (Male) |
| 15:27 | Create | Archer |
| 15:31 | Create | Archer |
| 16:15 | Create | Archer |
| 16:16 | Create | Archer |
| 16:24 | Create | Archer |
| 16:25 | Create | Villager (Male) |
| 16:37 | Build | Blacksmith |
| 16:39 | Build | House |
| 16:51 | Create | Archer |
| 16:51 | Create | Archer |
| 16:52 | Create | Villager (Male) |
| 17:02 | Create | Villager (Male) |
| 17:21 | Build | House |
| 17:23 | Build | House |
| 17:39 | Build | House |
| 17:44 | Build | Stone Wall |
| 17:45 | Build | Gate |
| 17:56 | Build | Market |
| 18:02 | Create | Archer |
| 18:03 | Create | Archer |
| 18:39 | Build | House |
| 18:59 | Research | Castle Age |
| 19:03 | Create | Archer |
| 19:10 | Build | Mining Camp |
| 19:18 | Build | Fish Trap |
| 19:22 | Build | Fish Trap |
| 19:27 | Create | Archer |
| 19:27 | Create | Archer |
| 19:32 | Research | Horse Collar |
| 19:38 | Build | House |
| 19:46 | Research | Double-Bit Axe |
| 19:59 | Create | Archer |
| 20:00 | Create | Archer |
| 20:30 | Create | Fishing Ship |
| 20:40 | Create | Archer |
| 20:40 | Create | Archer |
| 21:02 | Research | Fletching |
| 21:35 | Research | Padded Archer Armor |
| 21:36 | Create | Archer |
| 21:36 | Create | Archer |
| 21:39 | Age | Castle Age |
| 22:24 | Create | Archer |
| 22:24 | Create | Archer |
| 22:31 | Build | University |
| 22:37 | Research | Bodkin Arrow |
| 22:40 | Create | Villager (Male) |
| 22:42 | Build | Farm |
| 22:42 | Build | Farm |
| 22:42 | Build | Farm |
| 22:42 | Build | Farm |
| 22:43 | Build | Farm |
| 22:43 | Build | Farm |
| 22:46 | Build | Farm |
| 22:54 | Create | Archer |
| 22:54 | Create | Archer |
| 23:23 | Create | Villager (Male) |
| 23:24 | Create | Villager (Male) |
| 23:36 | Build | Town Center |
| 23:50 | Build | Archery Range |
| 24:00 | Create | Villager (Male) |
| 24:10 | Create | Villager (Male) |
| 24:25 | Build | Fish Trap |
| 24:49 | Build | Fish Trap |
| 24:59 | Create | Villager (Male) |
| 25:19 | Create | Villager (Male) |
| 25:19 | Create | Villager (Male) |
| 25:25 | Create | Fishing Ship |
| 25:29 | Build | Farm |
| 25:31 | Build | Farm |
| 25:32 | Build | Farm |
| 25:34 | Create | Villager (Male) |
| 25:59 | Build | Archery Range |
| 26:25 | Research | Crossbowman (upgrade) |
| 26:40 | Build | Lumber Camp |
| 27:01 | Create | Archer |
| 27:01 | Create | Archer |
| 27:01 | Create | Archer |
| 27:03 | Create | Villager (Male) |
| 27:03 | Create | Villager (Male) |
| 27:03 | Create | Villager (Male) |
| 27:16 | Create | Archer |
| 27:16 | Create | Archer |
| 27:50 | Create | Archer |
| 27:55 | Build | University |
| 27:57 | Create | Villager (Male) |
| 27:57 | Create | Villager (Male) |
| 27:58 | Create | Archer |
| 27:59 | Create | Archer |
| 27:59 | Create | Archer |
Build order — Banana
First 150 of 339 actions detected
| 0:01 | Create | Villager (Male) |
| 0:01 | Create | Villager (Male) |
| 0:02 | Create | Villager (Male) |
| 0:02 | Create | Villager (Male) |
| 0:02 | Create | Villager (Male) |
| 0:02 | Create | Villager (Male) |
| 0:03 | Build | House |
| 0:05 | Build | House |
| 0:23 | Research | Loom |
| 0:23 | Create | Villager (Male) |
| 0:24 | Create | Villager (Male) |
| 0:24 | Create | Villager (Male) |
| 1:10 | Build | Palisade Wall |
| 1:50 | Create | Villager (Male) |
| 1:50 | Create | Villager (Male) |
| 2:28 | Create | Villager (Male) |
| 2:28 | Create | Villager (Male) |
| 2:58 | Create | Villager (Male) |
| 2:58 | Create | Villager (Male) |
| 2:59 | Create | Villager (Male) |
| 3:33 | Create | Villager (Male) |
| 4:01 | Create | Villager (Male) |
| 4:01 | Create | Villager (Male) |
| 4:04 | Build | Lumber Camp |
| 4:05 | Create | Villager (Male) |
| 4:05 | Create | Villager (Male) |
| 4:33 | Create | Villager (Male) |
| 4:34 | Create | Villager (Male) |
| 5:02 | Build | House |
| 5:07 | Create | Villager (Male) |
| 5:42 | Create | Villager (Male) |
| 5:42 | Create | Villager (Male) |
| 5:49 | Create | Villager (Male) |
| 5:49 | Create | Villager (Male) |
| 5:49 | Create | Villager (Male) |
| 5:49 | Create | Villager (Male) |
| 5:52 | Build | House |
| 6:17 | Create | Villager (Male) |
| 6:17 | Create | Villager (Male) |
| 6:17 | Create | Villager (Male) |
| 7:03 | Create | Villager (Male) |
| 7:03 | Create | Villager (Male) |
| 7:04 | Create | Villager (Male) |
| 7:27 | Build | Mill |
| 7:43 | Build | Lumber Camp |
| 8:01 | Create | Villager (Male) |
| 8:12 | Create | Villager (Male) |
| 8:13 | Create | Villager (Male) |
| 8:13 | Create | Villager (Male) |
| 8:14 | Create | Villager (Male) |
| 8:14 | Create | Villager (Male) |
| 8:40 | Create | Villager (Male) |
| 8:40 | Create | Villager (Male) |
| 8:46 | Build | House |
| 9:07 | Build | Mining Camp |
| 9:18 | Research | Feudal Age |
| 9:18 | Research | Feudal Age |
| 9:24 | Build | Mining Camp |
| 10:27 | Build | House |
| 10:37 | Create | Villager (Male) |
| 11:29 | Create | Villager (Male) |
| 11:38 | Age | Feudal Age |
| 11:47 | Build | Market |
| 11:53 | Build | Blacksmith |
| 12:04 | Build | Farm |
| 12:10 | Build | Farm |
| 12:27 | Build | Stone Wall |
| 12:43 | Build | Stone Wall |
| 12:53 | Build | Stone Wall |
| 13:04 | Build | Farm |
| 13:07 | Build | Farm |
| 13:31 | Build | Watch Tower |
| 14:07 | Build | Farm |
| 14:31 | Build | Mining Camp |
| 14:32 | Research | Castle Age |
| 14:32 | Research | Castle Age |
| 15:07 | Research | Double-Bit Axe |
| 15:21 | Build | Stone Wall |
| 15:29 | Create | Villager (Male) |
| 15:55 | Build | Stone Wall |
| 16:28 | Build | Farm |
| 16:30 | Build | Farm |
| 16:31 | Create | Villager (Male) |
| 16:31 | Create | Villager (Male) |
| 16:50 | Research | Fletching |
| 16:52 | Create | Villager (Male) |
| 17:12 | Age | Castle Age |
| 17:13 | Create | Villager (Male) |
| 17:19 | Build | Siege Workshop |
| 17:45 | Create | Villager (Male) |
| 17:56 | Create | Mangonel |
| 17:59 | Create | Villager (Male) |
| 18:16 | Build | Town Center |
| 18:19 | Create | Villager (Male) |
| 18:30 | Create | Villager (Male) |
| 18:31 | Create | Villager (Male) |
| 18:32 | Create | Villager (Male) |
| 18:33 | Create | Villager (Male) |
| 18:44 | Create | Villager (Male) |
| 19:11 | Build | Gate |
| 19:12 | Create | Villager (Male) |
| 19:19 | Build | House |
| 19:23 | Create | Villager (Male) |
| 19:23 | Create | Villager (Male) |
| 19:49 | Create | Villager (Male) |
| 19:50 | Create | Villager (Male) |
| 20:03 | Create | Villager (Male) |
| 20:03 | Create | Villager (Male) |
| 20:08 | Create | Villager (Male) |
| 20:09 | Create | Villager (Male) |
| 20:36 | Build | Castle |
| 20:49 | Create | Villager (Male) |
| 20:51 | Create | Mangonel |
| 20:52 | Create | Mangonel |
| 21:33 | Build | Stone Wall |
| 22:23 | Create | Villager (Male) |
| 22:23 | Create | Villager (Male) |
| 22:26 | Create | Villager (Male) |
| 22:27 | Create | Villager (Male) |
| 22:32 | Build | Town Center |
| 22:58 | Create | Mangudai |
| 22:58 | Create | Mangudai |
| 23:03 | Create | Villager (Male) |
| 23:12 | Create | Villager (Male) |
| 23:23 | Build | Mining Camp |
| 23:35 | Create | Mangudai |
| 23:35 | Create | Mangudai |
| 23:38 | Create | Villager (Male) |
| 23:49 | Build | Farm |
| 23:49 | Build | Farm |
| 24:04 | Create | Mangudai |
| 24:04 | Create | Mangudai |
| 24:14 | Create | Villager (Male) |
| 24:18 | Build | Farm |
| 24:42 | Build | Watch Tower |
| 24:53 | Create | Mangudai |
| 24:55 | Create | Villager (Male) |
| 24:58 | Build | Farm |
| 24:59 | Build | Farm |
| 25:00 | Build | Farm |
| 25:01 | Create | Mangudai |
| 25:13 | Create | Villager (Male) |
| 25:13 | Create | Villager (Male) |
| 25:13 | Create | Villager (Male) |
| 25:15 | Create | Mangudai |
| 25:15 | Create | Mangudai |
| 25:15 | Create | Mangudai |
| 25:24 | Build | Farm |
| 25:40 | Create | Mangudai |
| 25:47 | Build | Farm |
Build order — TRush
First 150 of 485 actions detected
| 0:01 | Create | Villager (Male) |
| 0:01 | Create | Villager (Male) |
| 0:02 | Create | Villager (Male) |
| 0:02 | Create | Villager (Male) |
| 0:03 | Build | House |
| 0:04 | Build | House |
| 1:39 | Create | Villager (Male) |
| 1:55 | Create | Villager (Male) |
| 1:58 | Build | Lumber Camp |
| 2:12 | Create | Villager (Male) |
| 2:13 | Create | Villager (Male) |
| 2:55 | Create | Villager (Male) |
| 2:55 | Create | Villager (Male) |
| 3:16 | Create | Villager (Male) |
| 3:40 | Build | House |
| 3:51 | Create | Villager (Male) |
| 3:51 | Create | Villager (Male) |
| 4:07 | Create | Villager (Male) |
| 4:27 | Create | Villager (Male) |
| 4:32 | Build | Dock |
| 4:44 | Create | Villager (Male) |
| 4:44 | Create | Villager (Male) |
| 5:15 | Create | Villager (Male) |
| 5:17 | Create | Fishing Ship |
| 5:31 | Create | Villager (Male) |
| 5:47 | Create | Fishing Ship |
| 5:52 | Build | House |
| 5:55 | Research | Loom |
| 6:18 | Create | Villager (Male) |
| 6:42 | Create | Villager (Male) |
| 6:47 | Create | Villager (Male) |
| 7:11 | Create | Villager (Male) |
| 7:18 | Create | Villager (Male) |
| 7:20 | Build | Mill |
| 7:25 | Create | Fishing Ship |
| 7:31 | Create | Villager (Male) |
| 7:56 | Create | Fishing Ship |
| 8:08 | Build | House |
| 8:36 | Build | House |
| 9:02 | Research | Feudal Age |
| 9:59 | Create | Fishing Ship |
| 10:08 | Build | Mining Camp |
| 10:32 | Create | Villager (Male) |
| 10:32 | Create | Villager (Male) |
| 11:32 | Age | Feudal Age |
| 11:38 | Build | Blacksmith |
| 11:52 | Build | Market |
| 12:36 | Research | Castle Age |
| 12:48 | Create | Fishing Ship |
| 12:57 | Build | House |
| 13:02 | Build | House |
| 13:03 | Build | House |
| 13:15 | Research | Double-Bit Axe |
| 13:51 | Build | Fish Trap |
| 14:28 | Build | Fish Trap |
| 14:44 | Build | Fish Trap |
| 15:08 | Create | Villager (Male) |
| 15:08 | Create | Villager (Male) |
| 15:16 | Age | Castle Age |
| 15:22 | Build | Town Center |
| 15:34 | Build | Fish Trap |
| 15:38 | Create | Villager (Male) |
| 15:48 | Research | Bow Saw |
| 16:44 | Create | Villager (Male) |
| 16:46 | Create | Villager (Male) |
| 16:52 | Build | Town Center |
| 16:57 | Create | Villager (Male) |
| 17:00 | Create | Villager (Male) |
| 17:00 | Create | Villager (Male) |
| 17:01 | Create | Villager (Male) |
| 17:07 | Create | Villager (Male) |
| 17:09 | Build | Lumber Camp |
| 17:15 | Build | Fish Trap |
| 17:18 | Build | Fish Trap |
| 17:20 | Create | Villager (Male) |
| 17:41 | Create | Villager (Male) |
| 17:50 | Research | Horse Collar |
| 17:52 | Create | Villager (Male) |
| 17:55 | Create | Fishing Ship |
| 18:05 | Build | Dock |
| 18:20 | Create | Villager (Male) |
| 18:24 | Build | Farm |
| 18:27 | Build | Farm |
| 18:28 | Build | Farm |
| 18:33 | Create | Fishing Ship |
| 18:37 | Build | Farm |
| 18:41 | Build | Farm |
| 18:46 | Build | Farm |
| 18:51 | Build | Fish Trap |
| 19:00 | Create | Fishing Ship |
| 19:02 | Research | Tech 906 |
| 19:03 | Create | Villager (Male) |
| 19:03 | Create | Villager (Male) |
| 19:07 | Build | Farm |
| 19:07 | Build | Farm |
| 19:07 | Build | Farm |
| 19:07 | Build | Farm |
| 19:12 | Create | Villager (Male) |
| 19:31 | Create | Villager (Male) |
| 19:40 | Build | Fish Trap |
| 19:41 | Create | Villager (Male) |
| 19:50 | Build | Fish Trap |
| 19:52 | Create | Villager (Male) |
| 19:52 | Create | Villager (Male) |
| 20:02 | Create | Villager (Male) |
| 20:05 | Build | Farm |
| 20:05 | Build | Farm |
| 20:05 | Build | Farm |
| 20:05 | Build | Farm |
| 20:06 | Build | Farm |
| 20:08 | Create | Fishing Ship |
| 20:09 | Create | Fishing Ship |
| 20:10 | Create | Villager (Male) |
| 20:14 | Build | Farm |
| 20:14 | Build | Farm |
| 20:14 | Build | Farm |
| 20:15 | Build | Farm |
| 20:15 | Build | Farm |
| 20:15 | Build | Farm |
| 20:16 | Build | Farm |
| 20:24 | Build | House |
| 20:26 | Build | House |
| 20:28 | Create | Villager (Male) |
| 20:30 | Build | House |
| 20:32 | Research | Town Watch |
| 20:45 | Build | Farm |
| 20:52 | Create | Villager (Male) |
| 20:52 | Create | Villager (Male) |
| 20:56 | Create | Villager (Male) |
| 21:03 | Build | Fish Trap |
| 21:09 | Build | Fish Trap |
| 21:10 | Create | Villager (Male) |
| 21:11 | Create | Villager (Male) |
| 21:17 | Create | Villager (Male) |
| 21:18 | Create | Villager (Male) |
| 21:22 | Create | Villager (Male) |
| 21:23 | Create | Villager (Male) |
| 21:29 | Create | Fishing Ship |
| 21:32 | Create | Fishing Ship |
| 21:34 | Create | Villager (Male) |
| 21:40 | Research | Gillnets |
| 21:47 | Create | Villager (Male) |
| 22:07 | Build | Monastery |
| 22:08 | Create | Villager (Male) |
| 22:08 | Create | Villager (Male) |
| 22:10 | Create | Villager (Male) |
| 22:10 | Create | Villager (Male) |
| 22:10 | Create | Villager (Male) |
| 22:11 | Create | Villager (Male) |
| 22:11 | Create | Villager (Male) |
Build order — Pantyhose Addict
First 150 of 532 actions detected
| 0:00 | Create | Villager (Male) |
| 0:01 | Create | Villager (Male) |
| 0:02 | Build | House |
| 0:03 | Create | Villager (Male) |
| 0:04 | Build | House |
| 0:13 | Create | Villager (Male) |
| 1:25 | Create | Villager (Male) |
| 2:02 | Create | Villager (Male) |
| 2:02 | Create | Villager (Male) |
| 2:08 | Build | Lumber Camp |
| 2:15 | Create | Villager (Male) |
| 2:46 | Create | Villager (Male) |
| 2:46 | Create | Villager (Male) |
| 2:51 | Research | Loom |
| 2:51 | Create | Villager (Male) |
| 2:56 | Create | Villager (Male) |
| 2:57 | Create | Villager (Male) |
| 3:31 | Research | Double-Bit Axe |
| 3:37 | Create | Villager (Male) |
| 4:13 | Create | Villager (Male) |
| 4:14 | Create | Villager (Male) |
| 4:22 | Build | House |
| 5:06 | Create | Villager (Male) |
| 5:06 | Create | Villager (Male) |
| 5:32 | Build | Dock |
| 5:34 | Create | Villager (Male) |
| 6:00 | Build | House |
| 6:04 | Create | Villager (Male) |
| 6:13 | Create | Villager (Male) |
| 6:21 | Build | House |
| 6:24 | Create | Fishing Ship |
| 6:46 | Create | Villager (Male) |
| 6:55 | Create | Fishing Ship |
| 7:09 | Build | House |
| 7:20 | Create | Villager (Male) |
| 7:33 | Create | Fishing Ship |
| 7:37 | Build | House |
| 7:43 | Create | Villager (Male) |
| 7:43 | Create | Villager (Male) |
| 8:01 | Create | Villager (Male) |
| 8:12 | Create | Villager (Male) |
| 8:14 | Create | Villager (Male) |
| 8:32 | Create | Fishing Ship |
| 8:39 | Build | Dock |
| 8:50 | Create | Villager (Male) |
| 9:14 | Create | Fishing Ship |
| 9:21 | Create | Fishing Ship |
| 9:33 | Create | Villager (Male) |
| 9:48 | Create | Villager (Male) |
| 9:50 | Create | Fishing Ship |
| 9:55 | Build | House |
| 10:06 | Build | Mill |
| 10:22 | Build | House |
| 10:35 | Create | Villager (Male) |
| 10:39 | Build | Mining Camp |
| 10:57 | Create | Villager (Male) |
| 11:00 | Build | Mill |
| 11:06 | Create | Villager (Male) |
| 11:27 | Create | Villager (Male) |
| 11:29 | Create | Fishing Ship |
| 11:29 | Create | Fishing Ship |
| 11:58 | Create | Villager (Male) |
| 12:24 | Build | House |
| 12:41 | Research | Feudal Age |
| 12:41 | Research | Feudal Age |
| 12:59 | Build | Lumber Camp |
| 13:12 | Build | Mill |
| 14:32 | Create | Villager (Male) |
| 14:45 | Create | Villager (Male) |
| 14:47 | Create | Villager (Male) |
| 14:51 | Age | Feudal Age |
| 14:54 | Create | Villager (Male) |
| 14:54 | Create | Villager (Male) |
| 14:56 | Research | Bow Saw |
| 14:57 | Build | Fish Trap |
| 14:59 | Build | Fish Trap |
| 15:00 | Build | Fish Trap |
| 15:02 | Build | Fish Trap |
| 15:04 | Build | Fish Trap |
| 15:05 | Build | Fish Trap |
| 15:07 | Build | Fish Trap |
| 15:18 | Build | Fish Trap |
| 15:23 | Create | Villager (Male) |
| 15:25 | Create | Villager (Male) |
| 15:35 | Build | Lumber Camp |
| 15:52 | Create | Fishing Ship |
| 15:53 | Create | Villager (Male) |
| 16:03 | Create | Villager (Male) |
| 16:07 | Create | Fishing Ship |
| 16:22 | Build | Fish Trap |
| 16:30 | Create | Villager (Male) |
| 16:39 | Build | Fish Trap |
| 16:41 | Create | Fishing Ship |
| 16:49 | Create | Villager (Male) |
| 16:54 | Build | Fish Trap |
| 16:56 | Create | Fishing Ship |
| 17:03 | Create | Villager (Male) |
| 17:05 | Create | Fishing Ship |
| 17:14 | Build | Blacksmith |
| 17:16 | Create | Villager (Male) |
| 17:20 | Create | Villager (Male) |
| 17:25 | Create | Villager (Male) |
| 17:30 | Build | Fish Trap |
| 17:33 | Create | Fishing Ship |
| 17:34 | Create | Villager (Male) |
| 17:39 | Create | Villager (Male) |
| 17:44 | Build | Market |
| 17:53 | Build | Fish Trap |
| 17:57 | Create | Fishing Ship |
| 17:59 | Create | Villager (Male) |
| 18:11 | Build | Fish Trap |
| 18:13 | Create | Villager (Male) |
| 18:15 | Build | House |
| 18:16 | Build | House |
| 18:24 | Build | House |
| 18:27 | Research | Castle Age |
| 18:32 | Create | Fishing Ship |
| 18:38 | Build | Fish Trap |
| 18:42 | Create | Fishing Ship |
| 18:42 | Create | Fishing Ship |
| 18:47 | Research | Wheelbarrow |
| 19:00 | Build | Dock |
| 19:09 | Create | Fishing Ship |
| 19:13 | Research | Tech 906 |
| 19:25 | Build | Fish Trap |
| 19:32 | Build | Fish Trap |
| 19:41 | Build | Dock |
| 19:44 | Create | Villager (Male) |
| 19:47 | Create | Fishing Ship |
| 19:47 | Create | Fishing Ship |
| 19:57 | Build | Lumber Camp |
| 19:58 | Create | Villager (Male) |
| 20:03 | Create | Fishing Ship |
| 20:06 | Create | Villager (Male) |
| 20:13 | Create | Fishing Ship |
| 20:22 | Build | Fish Trap |
| 20:27 | Create | Fishing Ship |
| 20:37 | Create | Villager (Male) |
| 20:50 | Build | Fish Trap |
| 20:54 | Build | Fish Trap |
| 21:01 | Build | Fish Trap |
| 21:03 | Create | Fishing Ship |
| 21:05 | Create | Fishing Ship |
| 21:07 | Age | Castle Age |
| 21:09 | Build | Fish Trap |
| 21:12 | Create | Villager (Male) |
| 21:19 | Create | Villager (Male) |
| 21:27 | Create | Villager (Male) |
| 21:32 | Build | Town Center |
| 21:58 | Create | Villager (Male) |
Build order — BraveHeart
First 150 of 460 actions detected
| 0:01 | Create | Villager (Male) |
| 0:02 | Create | Villager (Male) |
| 0:02 | Create | Villager (Male) |
| 0:03 | Build | House |
| 0:04 | Build | House |
| 0:23 | Create | Villager (Male) |
| 1:25 | Create | Villager (Male) |
| 1:26 | Create | Villager (Male) |
| 1:52 | Build | Lumber Camp |
| 2:04 | Create | Villager (Male) |
| 2:04 | Create | Villager (Male) |
| 2:15 | Create | Villager (Male) |
| 2:50 | Create | Villager (Male) |
| 2:50 | Create | Villager (Male) |
| 3:09 | Create | Villager (Male) |
| 3:14 | Build | House |
| 3:35 | Create | Villager (Male) |
| 3:35 | Create | Villager (Male) |
| 4:09 | Create | Villager (Male) |
| 4:10 | Create | Villager (Male) |
| 4:34 | Build | Mill |
| 4:59 | Create | Villager (Male) |
| 5:00 | Create | Villager (Male) |
| 5:20 | Create | Villager (Male) |
| 5:50 | Create | Villager (Male) |
| 6:29 | Create | Villager (Male) |
| 7:00 | Research | Feudal Age |
| 7:00 | Research | Feudal Age |
| 7:00 | Research | Feudal Age |
| 7:00 | Research | Feudal Age |
| 7:00 | Research | Feudal Age |
| 7:20 | Build | House |
| 8:00 | Create | Villager (Male) |
| 8:00 | Create | Villager (Male) |
| 9:10 | Age | Feudal Age |
| 9:13 | Build | Town Center |
| 9:18 | Research | Double-Bit Axe |
| 9:18 | Research | Double-Bit Axe |
| 9:18 | Research | Double-Bit Axe |
| 10:35 | Create | Villager (Male) |
| 10:35 | Create | Villager (Male) |
| 10:53 | Create | Villager (Male) |
| 11:03 | Create | Villager (Male) |
| 11:06 | Build | House |
| 11:11 | Create | Villager (Male) |
| 11:11 | Create | Villager (Male) |
| 11:29 | Build | Dock |
| 11:35 | Build | Dock |
| 11:49 | Build | House |
| 11:52 | Create | Villager (Male) |
| 11:53 | Create | Villager (Male) |
| 12:04 | Create | Villager (Male) |
| 12:04 | Create | Villager (Male) |
| 12:21 | Build | House |
| 12:27 | Create | Fishing Ship |
| 12:28 | Create | Fishing Ship |
| 12:28 | Create | Fishing Ship |
| 12:29 | Create | Villager (Male) |
| 12:30 | Create | Villager (Male) |
| 12:34 | Create | Villager (Male) |
| 12:42 | Create | Fishing Ship |
| 12:43 | Create | Fishing Ship |
| 12:44 | Create | Villager (Male) |
| 12:44 | Create | Villager (Male) |
| 12:49 | Build | House |
| 12:51 | Create | Villager (Male) |
| 12:58 | Create | Fishing Ship |
| 13:09 | Build | Farm |
| 13:10 | Build | Farm |
| 13:17 | Create | Villager (Male) |
| 13:20 | Research | Horse Collar |
| 13:20 | Research | Horse Collar |
| 13:21 | Research | Horse Collar |
| 13:21 | Research | Horse Collar |
| 13:22 | Create | Villager (Male) |
| 13:27 | Build | Farm |
| 13:27 | Create | Villager (Male) |
| 13:28 | Create | Villager (Male) |
| 13:40 | Build | Farm |
| 13:41 | Create | Villager (Male) |
| 13:41 | Create | Villager (Male) |
| 13:47 | Build | Farm |
| 13:50 | Build | House |
| 13:58 | Create | Villager (Male) |
| 13:58 | Create | Villager (Male) |
| 14:04 | Build | Farm |
| 14:11 | Build | Farm |
| 14:12 | Create | Villager (Male) |
| 14:12 | Create | Villager (Male) |
| 14:15 | Build | House |
| 14:18 | Create | Villager (Male) |
| 14:18 | Create | Villager (Male) |
| 14:25 | Build | Farm |
| 14:32 | Build | Farm |
| 14:32 | Create | Villager (Male) |
| 14:33 | Create | Villager (Male) |
| 14:33 | Create | Villager (Male) |
| 14:47 | Build | Farm |
| 14:48 | Build | Farm |
| 14:50 | Create | Villager (Male) |
| 14:51 | Create | Villager (Male) |
| 14:54 | Build | House |
| 14:56 | Create | Villager (Male) |
| 14:56 | Create | Villager (Male) |
| 15:03 | Create | Fishing Ship |
| 15:10 | Create | Fishing Ship |
| 15:12 | Create | Villager (Male) |
| 15:24 | Build | House |
| 15:30 | Build | House |
| 15:31 | Create | Fishing Ship |
| 15:31 | Create | Fishing Ship |
| 15:33 | Create | Villager (Male) |
| 15:33 | Create | Villager (Male) |
| 15:50 | Create | Fishing Ship |
| 15:57 | Build | Fish Trap |
| 15:59 | Build | Fish Trap |
| 16:01 | Create | Villager (Male) |
| 16:01 | Create | Villager (Male) |
| 16:04 | Build | House |
| 16:05 | Build | House |
| 16:17 | Create | Fishing Ship |
| 16:17 | Create | Fishing Ship |
| 16:30 | Build | Mining Camp |
| 16:36 | Build | Fish Trap |
| 16:48 | Build | Fish Trap |
| 16:50 | Create | Villager (Male) |
| 16:50 | Create | Villager (Male) |
| 17:00 | Build | House |
| 17:02 | Create | Villager (Male) |
| 17:03 | Create | Villager (Male) |
| 17:05 | Create | Fishing Ship |
| 17:06 | Create | Fishing Ship |
| 17:13 | Build | Fish Trap |
| 17:24 | Build | Fish Trap |
| 17:26 | Create | Villager (Male) |
| 17:26 | Create | Villager (Male) |
| 17:28 | Create | Villager (Male) |
| 17:28 | Create | Villager (Male) |
| 17:40 | Build | House |
| 17:41 | Build | House |
| 17:42 | Create | Villager (Male) |
| 17:42 | Create | Villager (Male) |
| 17:46 | Create | Fishing Ship |
| 17:46 | Create | Fishing Ship |
| 17:54 | Build | Fish Trap |
| 17:57 | Build | Fish Trap |
| 18:16 | Build | House |
| 18:18 | Build | House |
| 18:27 | Research | Wheelbarrow |
| 18:36 | Build | Fish Trap |
Build order — Player59701729
First 150 of 470 actions detected
| 0:01 | Create | Villager (Male) |
| 0:02 | Create | Villager (Male) |
| 0:02 | Create | Villager (Male) |
| 0:03 | Build | House |
| 0:03 | Build | House |
| 0:15 | Research | Loom |
| 0:19 | Create | Villager (Male) |
| 0:20 | Create | Villager (Male) |
| 0:21 | Create | Villager (Male) |
| 1:32 | Build | Palisade Wall |
| 1:53 | Create | Villager (Male) |
| 1:53 | Create | Villager (Male) |
| 2:11 | Build | House |
| 2:33 | Create | Villager (Male) |
| 2:34 | Create | Villager (Male) |
| 2:56 | Create | Villager (Male) |
| 2:56 | Create | Villager (Male) |
| 3:24 | Create | Villager (Male) |
| 3:24 | Create | Villager (Male) |
| 3:30 | Build | Lumber Camp |
| 3:38 | Build | Lumber Camp |
| 3:38 | Create | Villager (Male) |
| 3:39 | Create | Villager (Male) |
| 4:14 | Create | Villager (Male) |
| 4:15 | Create | Villager (Male) |
| 4:43 | Create | Villager (Male) |
| 4:43 | Create | Villager (Male) |
| 4:50 | Create | Villager (Male) |
| 4:51 | Create | Villager (Male) |
| 5:31 | Create | Villager (Male) |
| 5:31 | Create | Villager (Male) |
| 5:48 | Create | Villager (Male) |
| 5:48 | Create | Villager (Male) |
| 5:48 | Create | Villager (Male) |
| 6:02 | Build | House |
| 6:03 | Create | Villager (Male) |
| 6:03 | Create | Villager (Male) |
| 6:27 | Build | Mill |
| 6:52 | Create | Villager (Male) |
| 7:18 | Create | Villager (Male) |
| 7:23 | Build | Mill |
| 7:42 | Create | Villager (Male) |
| 8:11 | Create | Villager (Male) |
| 8:32 | Build | Mining Camp |
| 8:49 | Build | Palisade Wall |
| 8:53 | Research | Feudal Age |
| 9:36 | Create | Villager (Male) |
| 10:06 | Build | Palisade Wall |
| 11:09 | Build | Market |
| 11:10 | Build | Blacksmith |
| 11:20 | Build | Stone Wall |
| 11:28 | Create | Villager (Male) |
| 11:33 | Research | Town Watch |
| 12:03 | Research | Castle Age |
| 12:33 | Research | Double-Bit Axe |
| 13:01 | Research | Horse Collar |
| 13:53 | Build | House |
| 14:00 | Build | Farm |
| 14:09 | Create | Villager (Male) |
| 14:22 | Build | House |
| 14:49 | Research | Bow Saw |
| 14:53 | Build | Siege Workshop |
| 15:06 | Build | Town Center |
| 15:09 | Create | Villager (Male) |
| 15:14 | Create | Villager (Male) |
| 15:37 | Create | Scorpion |
| 15:41 | Create | Villager (Male) |
| 15:42 | Build | Farm |
| 16:05 | Create | Villager (Male) |
| 16:05 | Create | Villager (Male) |
| 16:15 | Build | Stone Wall |
| 16:18 | Create | Scorpion |
| 16:18 | Create | Villager (Male) |
| 16:30 | Create | Scorpion |
| 16:31 | Create | Villager (Male) |
| 16:53 | Create | Scorpion |
| 16:56 | Create | Villager (Male) |
| 16:56 | Create | Villager (Male) |
| 17:07 | Build | Stone Wall |
| 17:16 | Create | Villager (Male) |
| 17:16 | Create | Villager (Male) |
| 17:21 | Build | Mill |
| 17:21 | Build | Farm |
| 17:22 | Build | Farm |
| 17:22 | Build | Farm |
| 17:29 | Build | Farm |
| 17:30 | Build | Farm |
| 17:30 | Build | Farm |
| 17:30 | Build | Farm |
| 17:30 | Build | Farm |
| 17:30 | Build | Farm |
| 17:46 | Build | Farm |
| 17:48 | Create | Villager (Male) |
| 17:48 | Create | Villager (Male) |
| 18:01 | Build | Farm |
| 18:14 | Build | Farm |
| 18:16 | Create | Villager (Male) |
| 18:16 | Create | Villager (Male) |
| 18:18 | Build | House |
| 18:22 | Build | Farm |
| 18:24 | Build | Farm |
| 18:33 | Build | Farm |
| 18:36 | Create | Villager (Male) |
| 18:36 | Create | Villager (Male) |
| 18:49 | Build | House |
| 18:51 | Build | Farm |
| 18:58 | Create | Villager (Male) |
| 18:58 | Create | Villager (Male) |
| 19:00 | Create | Villager (Male) |
| 19:00 | Create | Villager (Male) |
| 19:01 | Create | Villager (Male) |
| 19:08 | Build | Farm |
| 19:19 | Create | Villager (Male) |
| 19:20 | Build | Farm |
| 19:26 | Build | House |
| 19:32 | Build | Farm |
| 19:33 | Create | Villager (Male) |
| 19:33 | Create | Villager (Male) |
| 19:33 | Create | Villager (Male) |
| 19:51 | Create | Villager (Male) |
| 19:51 | Create | Villager (Male) |
| 19:59 | Build | Town Center |
| 20:08 | Build | House |
| 20:27 | Build | Farm |
| 20:28 | Create | Villager (Male) |
| 20:32 | Build | Farm |
| 20:44 | Build | Farm |
| 20:54 | Create | Villager (Male) |
| 20:56 | Build | Monastery |
| 20:58 | Create | Villager (Male) |
| 21:11 | Build | House |
| 21:14 | Research | Wheelbarrow |
| 21:19 | Build | Farm |
| 21:21 | Create | Villager (Male) |
| 21:23 | Create | Villager (Male) |
| 21:29 | Build | Farm |
| 21:31 | Create | Villager (Male) |
| 21:35 | Build | Farm |
| 21:39 | Build | Farm |
| 21:40 | Create | Monk |
| 21:46 | Create | Villager (Male) |
| 21:53 | Build | Farm |
| 21:55 | Create | Villager (Male) |
| 22:00 | Build | Farm |
| 22:02 | Create | Villager (Male) |
| 22:06 | Build | House |
| 22:23 | Create | Villager (Male) |
| 22:23 | Create | Villager (Male) |
| 22:26 | Build | Farm |
| 22:28 | Build | Farm |
Build order — FBI!open the door
First 150 of 352 actions detected
| 0:05 | Create | Villager (Male) |
| 0:06 | Create | Villager (Male) |
| 0:07 | Build | House |
| 0:09 | Build | House |
| 0:10 | Create | Villager (Male) |
| 0:10 | Create | Villager (Male) |
| 1:41 | Create | Villager (Male) |
| 1:55 | Build | Lumber Camp |
| 2:06 | Create | Villager (Male) |
| 2:17 | Create | Villager (Male) |
| 2:54 | Create | Villager (Male) |
| 3:04 | Create | Villager (Male) |
| 3:32 | Build | House |
| 3:33 | Build | House |
| 3:39 | Build | House |
| 3:46 | Build | House |
| 4:01 | Create | Villager (Male) |
| 4:01 | Create | Villager (Male) |
| 4:10 | Build | House |
| 4:25 | Create | Villager (Male) |
| 4:40 | Research | Loom |
| 4:41 | Create | Villager (Male) |
| 5:10 | Create | Villager (Male) |
| 5:10 | Create | Villager (Male) |
| 5:39 | Build | House |
| 6:47 | Create | Villager (Male) |
| 6:47 | Create | Villager (Male) |
| 6:49 | Create | Villager (Male) |
| 6:53 | Create | Villager (Male) |
| 7:21 | Create | Villager (Male) |
| 7:55 | Create | Villager (Male) |
| 8:36 | Build | Mining Camp |
| 8:42 | Build | Mill |
| 8:48 | Create | Villager (Male) |
| 9:10 | Build | Mill |
| 9:28 | Research | Feudal Age |
| 9:59 | Create | Villager (Male) |
| 10:00 | Create | Villager (Male) |
| 10:12 | Build | Farm |
| 10:13 | Build | Farm |
| 10:15 | Build | Farm |
| 11:52 | Age | Feudal Age |
| 11:55 | Build | Market |
| 11:57 | Build | Blacksmith |
| 12:52 | Research | Castle Age |
| 13:34 | Research | Double-Bit Axe |
| 13:45 | Create | Villager (Male) |
| 14:04 | Build | Farm |
| 14:11 | Build | Farm |
| 15:32 | Age | Castle Age |
| 15:36 | Build | Town Center |
| 15:42 | Build | Town Center |
| 16:11 | Create | Villager (Male) |
| 16:12 | Create | Villager (Male) |
| 16:21 | Build | Monastery |
| 16:26 | Create | Villager (Male) |
| 16:58 | Create | Villager (Male) |
| 16:59 | Create | Villager (Male) |
| 17:15 | Create | Monk |
| 17:19 | Create | Villager (Male) |
| 17:27 | Research | Bow Saw |
| 17:29 | Create | Villager (Male) |
| 17:29 | Create | Villager (Male) |
| 17:41 | Create | Villager (Male) |
| 17:58 | Create | Villager (Male) |
| 18:10 | Build | House |
| 18:13 | Build | House |
| 18:14 | Build | House |
| 18:16 | Create | Villager (Male) |
| 18:16 | Create | Villager (Male) |
| 18:20 | Create | Monk |
| 18:36 | Create | Villager (Male) |
| 18:37 | Create | Villager (Male) |
| 18:40 | Build | Town Center |
| 18:48 | Build | Farm |
| 18:49 | Build | Farm |
| 18:50 | Build | Farm |
| 19:02 | Build | Farm |
| 19:03 | Build | Farm |
| 19:05 | Build | Farm |
| 19:08 | Create | Villager (Male) |
| 19:08 | Create | Villager (Male) |
| 19:08 | Create | Villager (Male) |
| 19:09 | Create | Villager (Male) |
| 19:15 | Build | House |
| 19:28 | Create | Villager (Male) |
| 19:36 | Build | Farm |
| 19:39 | Create | Villager (Male) |
| 19:41 | Create | Villager (Male) |
| 19:54 | Build | Town Center |
| 19:56 | Create | Villager (Male) |
| 19:56 | Create | Villager (Male) |
| 20:02 | Build | Farm |
| 20:08 | Build | House |
| 20:10 | Build | House |
| 20:12 | Create | Villager (Male) |
| 20:14 | Build | Farm |
| 20:15 | Build | Farm |
| 20:18 | Build | Farm |
| 20:26 | Create | Villager (Male) |
| 20:27 | Create | Villager (Male) |
| 20:29 | Build | Farm |
| 20:51 | Create | Villager (Male) |
| 20:52 | Create | Villager (Male) |
| 20:52 | Create | Villager (Male) |
| 20:52 | Create | Villager (Male) |
| 20:58 | Build | Farm |
| 20:58 | Build | Farm |
| 20:59 | Build | Farm |
| 20:59 | Build | Farm |
| 21:04 | Build | Farm |
| 21:05 | Build | Farm |
| 21:07 | Create | Villager (Male) |
| 21:14 | Build | Farm |
| 21:21 | Build | House |
| 21:24 | Build | House |
| 21:27 | Build | House |
| 21:32 | Create | Villager (Male) |
| 21:32 | Create | Villager (Male) |
| 21:33 | Create | Villager (Male) |
| 21:33 | Create | Villager (Male) |
| 21:36 | Build | Farm |
| 21:40 | Create | Villager (Male) |
| 21:53 | Build | Farm |
| 21:54 | Build | Farm |
| 21:54 | Build | Farm |
| 21:55 | Build | Farm |
| 22:02 | Build | Farm |
| 22:06 | Create | Villager (Male) |
| 22:06 | Create | Villager (Male) |
| 22:07 | Create | Villager (Male) |
| 22:07 | Create | Villager (Male) |
| 22:12 | Build | Farm |
| 22:15 | Research | Wheelbarrow |
| 22:19 | Build | Farm |
| 22:23 | Build | Farm |
| 22:28 | Build | Farm |
| 22:29 | Build | Farm |
| 22:30 | Build | Farm |
| 22:42 | Build | Farm |
| 22:46 | Build | Farm |
| 22:47 | Create | Villager (Male) |
| 22:47 | Create | Villager (Male) |
| 22:47 | Create | Villager (Male) |
| 22:48 | Create | Villager (Male) |
| 22:48 | Create | Villager (Male) |
| 22:58 | Build | Farm |
| 23:09 | Build | Farm |
| 23:11 | Build | Farm |
| 23:13 | Build | Farm |
Match timeline
| 0:48 | AMMbush · wall_segment Palisade Wall x8 |
| 1:10 | Banana · wall_segment Palisade Wall x15 |
| 1:32 | Player59701729 · wall_segment Palisade Wall x9 |
| 1:36 | AMMbush · wall_segment Palisade Wall x1 |
| 1:40 | MODI · wall_segment Palisade Wall x5 |
| 1:45 | MODI · wall_segment Palisade Wall x9 |
| 4:32 | TRush · first_building Dock |
| 5:32 | Pantyhose Addict · first_building Dock |
| 6:05 | MODI · first_building Dock |
| 8:07 | AMMbush · first_building Barracks |
| 8:49 | Player59701729 · wall_segment Palisade Wall x9 |
| 9:03 | AMMbush · age_up feudal |
| 9:05 | AMMbush · first_building Archery Range |
| 9:10 | BraveHeart · age_up feudal |
| 10:06 | Player59701729 · wall_segment Palisade Wall x8 |
| 10:36 | MODI · first_building Barracks |
| 11:04 | MODI · age_up feudal |
| 11:20 | Player59701729 · wall_segment Stone Wall x14 |
| 11:29 | MODI · first_building Archery Range |
| 11:29 | BraveHeart · first_building Dock |
| 11:32 | TRush · age_up feudal |
| 11:38 | Banana · age_up feudal |
| 11:52 | FBI!open the door · age_up feudal |
| 12:27 | Banana · wall_segment Stone Wall x3 |
| 12:34 | TRush · first_market_sell 100 wood |
| 12:43 | Banana · wall_segment Stone Wall x16 |
| 12:53 | Banana · wall_segment Stone Wall x1 |
| 14:51 | Pantyhose Addict · age_up feudal |
| 14:53 | Player59701729 · first_building Siege Workshop |
| 15:14 | AMMbush · wall_segment Stone Wall x7 |
| 15:16 | TRush · age_up castle |
| 15:21 | Banana · wall_segment Stone Wall x1 |
| 15:32 | FBI!open the door · age_up castle |
| 15:55 | Banana · wall_segment Stone Wall x1 |
| 15:56 | TRush · first_market_buy 100 wood |
| 16:15 | Player59701729 · wall_segment Stone Wall x1 |
| 16:21 | FBI!open the door · first_building Monastery |
| 17:07 | Player59701729 · wall_segment Stone Wall x1 |
| 17:12 | Banana · age_up castle |
| 17:19 | Banana · first_building Siege Workshop |
| 17:44 | MODI · wall_segment Stone Wall x15 |
| 17:47 | Player59701729 · first_market_buy 100 food |
| 18:05 | Banana · first_market_buy 100 wood |
| 18:29 | AMMbush · first_market_sell 500 wood |
| 18:29 | AMMbush · first_market_buy 100 food |
| 18:57 | MODI · first_market_buy 100 food |
| 19:22 | AMMbush · wall_segment Stone Wall x1 |
| 19:24 | AMMbush · wall_segment Stone Wall x1 |
| 20:36 | Banana · first_building Castle |
| 20:56 | Player59701729 · first_building Monastery |
| 21:07 | Pantyhose Addict · age_up castle |
| 21:27 | BraveHeart · first_building Barracks |
| 21:33 | Banana · wall_segment Stone Wall x1 |
| 21:39 | MODI · age_up castle |
| 21:44 | MODI · first_market_sell 100 wood |
| 22:07 | TRush · first_building Monastery |
| 22:10 | AMMbush · age_up castle |
| 22:12 | AMMbush · first_building Siege Workshop |
| 22:18 | AMMbush · first_building Monastery |
| 22:27 | Pantyhose Addict · first_market_sell 100 food |
| 22:29 | Pantyhose Addict · first_market_buy 100 stone |
| 23:03 | BraveHeart · first_building Stable |
| 23:10 | BraveHeart · first_building Siege Workshop |
| 24:00 | BraveHeart · age_up castle |
| 24:28 | BraveHeart · first_building Monastery |
| 24:50 | Player59701729 · first_building Barracks |
| 25:20 | Pantyhose Addict · first_building Monastery |
| 25:38 | FBI!open the door · first_building Barracks |
| 25:39 | TRush · first_building Barracks |
| 25:43 | FBI!open the door · first_building Siege Workshop |
| 25:44 | BraveHeart · first_market_buy 100 wood |
| 25:45 | Player59701729 · first_market_sell 100 wood |
| 26:46 | Pantyhose Addict · first_building Barracks |
| 26:50 | Banana · wall_segment Stone Wall x1 |
| 27:01 | FBI!open the door · first_building Castle |
| 27:05 | Player59701729 · first_building Castle |
| 27:07 | TRush · first_building Siege Workshop |
| 27:25 | FBI!open the door · first_building Stable |
| 27:45 | Pantyhose Addict · first_building Siege Workshop |
| 28:14 | Pantyhose Addict · first_building Stable |
| 28:41 | FBI!open the door · age_up imperial |
| 28:50 | FBI!open the door · first_market_sell 500 food |
| 29:05 | TRush · age_up imperial |
| 29:42 | Pantyhose Addict · age_up imperial |
| 31:02 | TRush · first_building Castle |
| 31:42 | Pantyhose Addict · first_building Castle |
| 32:06 | Banana · wall_segment Stone Wall x15 |
| 32:12 | TRush · wall_segment Stone Wall x8 |
| 32:18 | TRush · wall_segment Stone Wall x8 |
| 32:26 | TRush · wall_segment Stone Wall x12 |
| 33:00 | Pantyhose Addict · first_building Archery Range |
| 33:07 | Banana · wall_segment Stone Wall x5 |
| 33:09 | BraveHeart · first_building Castle |
| 33:18 | AMMbush · age_up imperial |
| 33:20 | Pantyhose Addict · wall_segment Palisade Wall x1 |
| 33:27 | BraveHeart · age_up imperial |
| 33:50 | Banana · wall_segment Stone Wall x4 |
| 33:56 | BraveHeart · first_market_sell 500 wood |
| 34:07 | Banana · wall_segment Stone Wall x9 |
| 34:47 | FBI!open the door · tribute_sent a jugador 1 |
| 34:47 | FBI!open the door · tribute_sent a jugador 2 |
| 34:47 | FBI!open the door · tribute_sent a jugador 3 |
| 34:47 | FBI!open the door · tribute_sent a jugador 4 |
| 34:47 | FBI!open the door · tribute_sent a jugador 5 |
| 34:47 | FBI!open the door · tribute_sent a jugador 6 |
| 34:47 | FBI!open the door · tribute_sent a jugador 7 |
| 35:53 | FBI!open the door · tribute_sent a jugador 1 |
| 35:53 | FBI!open the door · tribute_sent a jugador 2 |
| 35:53 | FBI!open the door · tribute_sent a jugador 3 |
| 35:53 | FBI!open the door · tribute_sent a jugador 4 |
| 35:53 | FBI!open the door · tribute_sent a jugador 5 |
| 35:53 | FBI!open the door · tribute_sent a jugador 6 |
| 35:53 | FBI!open the door · tribute_sent a jugador 7 |
| 37:13 | FBI!open the door · tribute_sent a jugador 1 |
| 37:13 | FBI!open the door · tribute_sent a jugador 2 |
| 37:13 | FBI!open the door · tribute_sent a jugador 3 |
| 37:13 | FBI!open the door · tribute_sent a jugador 4 |
| 37:13 | FBI!open the door · tribute_sent a jugador 5 |
| 37:13 | FBI!open the door · tribute_sent a jugador 6 |
| 37:13 | FBI!open the door · tribute_sent a jugador 7 |
| 38:38 | BraveHeart · tribute_sent a jugador 1 |
| 38:38 | BraveHeart · tribute_sent a jugador 2 |
| 38:38 | BraveHeart · tribute_sent a jugador 3 |
| 38:38 | BraveHeart · tribute_sent a jugador 4 |
| 38:38 | BraveHeart · tribute_sent a jugador 6 |
| 38:38 | BraveHeart · tribute_sent a jugador 7 |
| 38:38 | BraveHeart · tribute_sent a jugador 8 |
| 38:47 | MODI · first_building Monastery |
| 39:05 | MODI · first_building Castle |
| 40:36 | BraveHeart · tribute_sent a jugador 1 |
| 40:36 | BraveHeart · tribute_sent a jugador 2 |
| 40:36 | BraveHeart · tribute_sent a jugador 3 |
| 40:36 | BraveHeart · tribute_sent a jugador 4 |
| 40:36 | BraveHeart · tribute_sent a jugador 6 |
| 40:36 | BraveHeart · tribute_sent a jugador 7 |
| 40:36 | BraveHeart · tribute_sent a jugador 8 |
| 40:37 | Banana · wall_segment Stone Wall x6 |
| 40:48 | Banana · wall_segment Stone Wall x15 |
| 42:37 | Pantyhose Addict · tribute_sent a jugador 1 |
| 42:37 | Pantyhose Addict · tribute_sent a jugador 2 |
| 42:37 | Pantyhose Addict · tribute_sent a jugador 3 |
| 42:37 | Pantyhose Addict · tribute_sent a jugador 5 |
| 42:37 | Pantyhose Addict · tribute_sent a jugador 6 |
| 42:37 | Pantyhose Addict · tribute_sent a jugador 7 |
| 42:37 | Pantyhose Addict · tribute_sent a jugador 8 |
| 42:39 | FBI!open the door · tribute_sent a jugador 1 |
| 42:39 | FBI!open the door · tribute_sent a jugador 2 |
| 42:39 | FBI!open the door · tribute_sent a jugador 3 |
| 42:39 | FBI!open the door · tribute_sent a jugador 4 |
| 42:39 | FBI!open the door · tribute_sent a jugador 5 |
| 42:39 | FBI!open the door · tribute_sent a jugador 6 |
| 42:39 | FBI!open the door · tribute_sent a jugador 7 |
| 42:49 | MODI · first_building Stable |
| 43:28 | FBI!open the door · tribute_sent a jugador 1 |
| 43:28 | FBI!open the door · tribute_sent a jugador 2 |
| 43:28 | FBI!open the door · tribute_sent a jugador 3 |
| 43:28 | FBI!open the door · tribute_sent a jugador 4 |
| 43:28 | FBI!open the door · tribute_sent a jugador 5 |
| 43:28 | FBI!open the door · tribute_sent a jugador 6 |
| 43:28 | FBI!open the door · tribute_sent a jugador 7 |
| 44:02 | BraveHeart · wall_segment Palisade Wall x2 |
| 44:44 | MODI · age_up imperial |
| 45:27 | BraveHeart · resign |
| 45:31 | FBI!open the door · tribute_sent a jugador 1 |
| 45:31 | FBI!open the door · tribute_sent a jugador 2 |
| 45:31 | FBI!open the door · tribute_sent a jugador 3 |
| 45:31 | FBI!open the door · tribute_sent a jugador 4 |
| 45:31 | FBI!open the door · tribute_sent a jugador 5 |
| 45:31 | FBI!open the door · tribute_sent a jugador 6 |
| 45:31 | FBI!open the door · tribute_sent a jugador 7 |
| 47:37 | Banana · age_up imperial |
| 48:22 | Banana · first_building Barracks |
[ AI ANALYSIS · 1 CREDIT ]
What really happened in this match?
Wolo.gg analyzes every decision: build order, eco, micro, common mistakes by bracket. Personalized analysis on WhatsApp or Discord in 30 seconds.
Civ guide
Muisca
Perfil
Jugador #3355637